[Event "Early-Titled-Tuesday-Blitz-February-06-2024"]
[Site "Chess.com"]
[Date "2024.02.06"]
[Round "8"]
[White "Licancabur"]
[Black "FMCarmona"]
[Result "1-0"]
[WhiteElo "2400"]
[BlackElo "2140"]
[TimeControl "180+1"]
[EndTime "9:27:39 PST"]
[Termination "Licancabur won on time"]

1. d4 d5 2. Bg5 Nd7 3. c4 dxc4 4.
Nc3 c5 5. d5 Qa5 6. a4 g6 7. e4 Bg7 8. Bd2 Ne5 9. Qc2 Nf6 10. f4 Nd3+ 11. Bxd3 cxd3 12. Qxd3 O-O 13. Nf3 Qb4 14. O-O Bd7 15. Ne5 Rfd8 16. Nc4 Nh5 17. Ne2 b5 18. Bxb4 bxc4 19. Qxc4 cxb4 20. e5 Rdc8 21.
Qxb4 Rab8 22. Qd2 1-0

[Event "Early-Titled-Tuesday-Blitz-February-06-2024"]
[Site "Chess.com"]
[Date "2024.02.06"]
[Round "8"]
[White "gpsji27"]
[Black "Qingdom"]
[Result "0-1"]
[WhiteElo "2300"]
[BlackElo "2158"]
[TimeControl "180+1"]
[EndTime "9:27:42 PST"]
[Termination "Qingdom won by resignation"]

1. d4 Nf6 2. Bg5 d5 3. e3 c5 4. c3 Nc6 5. Nd2 Bf5 6. Ngf3 e6 7. Bb5 Rc8 8. O-O a6 9. Ba4 b5 10. Bc2 Bxc2 11. Qxc2 h6 12. Bh4 Bd6 13. Qd3 O-O 14.
e4 cxd4 15. cxd4 Nb4 16. Qe2 g5 17. Nxg5 hxg5 18. Bxg5 dxe4 19. f4 Rc2 20. Rac1 Be7 21. Rxc2 Nxc2 22. f5 Nxd4 23. Qe3 Nxf5 24. Qh3 Nh7 25.
Bxe7 Nxe7 26. Nxe4 Qd4+ 27. Nf2 Nf5 28. Kh1 Rc8 29. Qf3 Rc2 30. Ng4 Ng5 31. Qa8+ Kg7 0-1

[Event "Early-Titled-Tuesday-Blitz-February-06-2024"]
[Site "Chess.com"]
[Date "2024.02.06"]
[Round "8"]
[White "aghasiyevkamal"]
[Black "Talent-OF-Slovenia"]
[Result "1-0"]
[WhiteElo "2657"]
[BlackElo "2462"]
[TimeControl "180+1"]
[EndTime "9:27:45 PST"]
[Termination "aghasiyevkamal won by resignation"]

1. d4 d5 2. c4 c6 3. Nf3 Nf6 4. e3 Bg4 5. Nc3 e6 6. h3 Bh5 7.
g4 Bg6 8. Qb3 Qb6 9. c5 Qxb3 10.
axb3 Be7 11. b4 O-O 12. b5 cxb5 13. Bxb5 Nc6 14. Bxc6 bxc6 15. Ne5 Rfc8 16. Ra6 Bf8 17.
Ke2 Ne4 18. Nxe4 Bxe4 19. f3 Bc2 20. Rxc6 Ba4 21. Rxc8 Rxc8 22. f4 f6 23. Nf3 Bb5+ 24. Kd2 Rb8 25. b4 Bc4 26. Kc3 Be7 27. Bb2 a5 28.
Ba3 Bd8 29. Nd2 axb4+ 30. Bxb4 Bb5 31. Ra1 h5 32. gxh5 Be8 33. Ra7 Bxh5 34. Ba5 Bxa5+ 35. Rxa5 Be8 36. Ra7 Kf8 37. Nb3 Bb5 38. h4 g6 39.
Na5 Ba4 40. Nb7 Kg8 41. Rxa4 1-0

[Event "Early-Titled-Tuesday-Blitz-February-06-2024"]
[Site "Chess.com"]
[Date "2024.02.06"]
[Round "8"]
[White "Herzog2012"]
[Black "ActorXu"]
[Result "0-1"]
[WhiteElo "2525"]
[BlackElo "2845"]
[TimeControl "180+1"]
[EndTime "9:27:46 PST"]
[Termination "ActorXu won on time"]

1. e4 c6 2. d4 d5 3. Nc3 dxe4 4. Nxe4 Nf6 5. Nxf6+ exf6 6. c3 Bd6 7. Bd3 O-O 8. Qc2 h5 9. Ne2 Re8 10. O-O h4 11. h3 Nd7 12. c4 Nf8 13. Be3 Bc7 14.
Rfe1 g5 15. c5 Kg7 16. Nc3 Ng6 17. Rad1 Be6 18. Be4 Ne7 19. d5 cxd5 20. Bf3 Qd7 21. Bd4 Rad8 22. Qd2 Bf4 23. Qd3 Bf5 24. Qf1 Bc2 25. Ra1 Bb8 26. Rxe7 Qxe7 27. g3 hxg3 28. Nxd5 Rxd5 29. Bxd5 Qd7 30. Qc4 Qxh3 31. fxg3 Qxg3+ 32.
Bg2 Be4 33. Qf1 Qh2+ 0-1

[Event "Early-Titled-Tuesday-Blitz-February-06-2024"]
[Site "Chess.com"]
[Date "2024.02.06"]
[Round "8"]
[White "BashirliSaadat"]
[Black "Nasrin_Babayeva"]
[Result "1/2-1/2"]
[WhiteElo "2330"]
[BlackElo "1938"]
[TimeControl "180+1"]
[EndTime "9:27:46 PST"]
[Termination "Game drawn by repetition"]

1. d4 d6 2. e3 Nf6 3. Bd3 c6 4. f4 Nbd7 5. Nf3 g6 6. O-O Bg7 7. c3 O-O 8. e4 e5 9. fxe5 dxe5 10.
Bg5 h6 11. Bh4 g5 12. Bg3 exd4 13. cxd4 Qb6 14. Qb3 Qxb3 15. axb3 Re8 16. Nc3 Nb6 17. Ne5 Be6 18. Bc2 Rad8 19. Rxa7 Rxd4 20. Bf2 Rd2 21. Rxb7 Rxc2 22. Rxb6 Rxb2 23. b4 Nxe4 24. Nxe4 Bxe5 25. Nc5 Bc4 26. Rc1 Bd5 27. Nd3 Rd2 28. Nxe5 Rxe5 29.
b5 Ree2 30. Rf1 cxb5 31. Rxb5 Rxf2 32. Rb8+ Kg7 33. Rxf2 Rd1+ 34. Rf1 Rd2 35. Rf2 Rd1+ 36. Rf1 Rd2 37. Rf2 1/2-1/2

[Event "Early-Titled-Tuesday-Blitz-February-06-2024"]
[Site "Chess.com"]
[Date "2024.02.06"]
[Round "8"]
[White "lachesisQ"]
[Black "tptagain"]
[Result "1-0"]
[WhiteElo "3094"]
[BlackElo "2946"]
[TimeControl "180+1"]
[EndTime "9:27:47 PST"]
[Termination "lachesisQ won on time"]

1. e4 c6 2. d4 d5 3. e5 Bf5 4.
Nf3 e6 5. Be2 Nd7 6. O-O a5 7.
c3 a4 8. Ne1 h5 9. Bd3 Ne7 10. Nd2 c5 11. Ndf3 c4 12. Bxf5 Nxf5 13. Rb1 Be7 14. g3 g5 15. h3 g4 16. hxg4 hxg4 17.
Nh2 Bg5 18. Nxg4 Bxc1 19. Qxc1 Qe7 20. Nf3 O-O-O 21. Kg2 Rdg8 22. Qf4 Rg7 23. Rh1 Rhg8 24. Nh6 Nxg3 25. fxg3 Rxg3+ 26. Qxg3 Rxg3+ 27. Kxg3 f6 28. Ng4 fxe5 29. Ngxe5 Nxe5 30. Nxe5 Qg5+ 31. Ng4 a3 32. bxa3 Qd2 33. Rh8+ Kc7 34. Rh7+ Kc8 35. Kh4 Qxc3 36.
Rf1 Kb8 37. Rff7 Qe1+ 38. Kh5 Qh1+ 39. Kg5 Qc1+ 40. Kh4 Qh1+ 41. Kg3 Qg1+ 42. Kh3 c3 43. Rxb7+ Ka8 44. Rbf7 Qh1+ 45. Nh2 1-0

[Event "Early-Titled-Tuesday-Blitz-February-06-2024"]
[Site "Chess.com"]
[Date "2024.02.06"]
[Round "8"]
[White "smotherhubbard"]
[Black "ural58"]
[Result "1-0"]
[WhiteElo "2375"]
[BlackElo "2471"]
[TimeControl "180+1"]
[EndTime "9:27:47 PST"]
[Termination "smotherhubbard won on time"]

1. d4 d5 2. c4 e5 3. dxe5 d4 4. Nf3 Nc6 5. a3 g6 6. e3 Bg4 7. Be2 Bxf3 8. Bxf3 Nge7 9. O-O Bg7 10. exd4 Qxd4 11. Qxd4 Nxd4 12. Bxb7 Ne2+ 13. Kh1 Rb8 14. Bf3 Nxc1 15. Rxc1 Rxb2 16. Re1 Rxf2 17. Nc3 O-O 18.
Rab1 Rc2 19. Nd5 Nf5 20. Rb7 Rxc4 21. Rxa7 c5 22. Rc7 Nd4 23. Be4 Ne6 24. Rc6 Bxe5 25. Ne7+ Kg7 26. Bd5 Rf4 27. g3 Nd4 28. Ra6 Bf6 29.
gxf4 Nc2 30. Re4 1-0

[Event "Early-Titled-Tuesday-Blitz-February-06-2024"]
[Site "Chess.com"]
[Date "2024.02.06"]
[Round "8"]
[White "Doublekk14"]
[Black "deepfear"]
[Result "1-0"]
[WhiteElo "2303"]
[BlackElo "1980"]
[TimeControl "180+1"]
[EndTime "9:27:47 PST"]
[Termination "Doublekk14 won on time"]

1. c4 g6 2. Nc3 Bg7 3. Nf3 d6 4. e3 e6 5. Be2 Ne7 6. O-O O-O 7. d4 c5 8. dxc5 dxc5 9. Ne4 b6 10. a4 Bb7 11.
Nd6 Bc6 12. a5 Qc7 13. Nb5 Bxb5 14. cxb5 Nd7 15. Qc2 Nd5 16. Bd2 N7f6 17. axb6 axb6 18. Ra6 Rfd8 19. Rfa1 Qb7 20. Ne5 Ne8 21. Nc6 Rxa6 22. Rxa6 Ra8 23. Qa4 Ndc7 24. Rxa8 Qxa8 25. b3 Qxa4 26.
bxa4 Nd6 27. a5 bxa5 28. b6 Nd5 29. Bxa5 1-0

[Event "Early-Titled-Tuesday-Blitz-February-06-2024"]
[Site "Chess.com"]
[Date "2024.02.06"]
[Round "8"]
[White "PedroGil25"]
[Black "TrompeterImEther"]
[Result "1-0"]
[WhiteElo "2422"]
[BlackElo "2529"]
[TimeControl "180+1"]
[EndTime "9:27:49 PST"]
[Termination "PedroGil25 won on time"]

1. e4 e5 2. Nf3 Nc6 3. Nc3 Nf6 4. Bb5 Bb4 5. O-O O-O 6. d3 d6 7. Ne2 Ne7 8. c3 Ba5 9. Ng3 c6 10. Ba4 Ng6 11. d4 Qe7 12. Bc2 Bc7 13. Re1 Be6 14. h3 Rad8 15. Qe2 Rfe8 16. Be3 d5 17. dxe5 Nxe5 18. Nxe5 Bxe5 19. f4 Bc7 20. e5 Nd7 21. Nh5 f5 22. Rad1 g6 23. Ng3 Nf8 24. Qf2 b6 25. Ne2 c5 26. b4 cxb4 27. cxb4 Qxb4 28. Bb3 d4 29. Nxd4 Bxb3 30. axb3 Rd5 31. Rc1 Qe7 32. Qf3 Rc5 33. Nc6 Rxc6 34. Qxc6 Ne6 35. Red1 Bb8 36.
Rd7 Qf8 37. Rb7 g5 38. Qd7 Ng7 39. e6 Bd6 40. Qf7+ Kh8 41. Bd4 Be7 42. Rcc7 1-0

[Event "Early-Titled-Tuesday-Blitz-February-06-2024"]
[Site "Chess.com"]
[Date "2024.02.06"]
[Round "8"]
[White "LangesNasenhaar"]
[Black "NovozhilovSemen"]
[Result "1-0"]
[WhiteElo "2521"]
[BlackElo "2662"]
[TimeControl "180+1"]
[EndTime "9:27:50 PST"]
[Termination "LangesNasenhaar won by resignation"]

1. d4 Nf6 2. Bg5 e6 3. e4 h6 4. Bxf6 Qxf6 5. c3 d5 6. e5 Qd8 7. f4 Be7 8. Nf3 O-O 9. Bd3 c5 10. a3 Nc6 11. b4 cxd4 12. cxd4 Bd7 13. Nbd2 b5 14. Rc1 a5 15. Bxb5 Nxe5 16. Nxe5 Bxb5 17. a4 Be8 18. b5 Bb4 19. O-O Rc8 20. Nb3 f6 21. Nd3 Rc4 22. Ndc5 Qb6 23. Qe2 Kf7 24.
Kh1 g6 25. Rxc4 dxc4 26. Qxc4 Qd6 27. Nb7 Qb6 28. N3c5 Ke7 29. d5 Bxc5 30. Nxc5 e5 31.
fxe5 fxe5 32. Rxf8 Kxf8 33. h3 Qd6 34. Ne4 Qb8 35.
Qc5+ Kf7 36. d6 Bd7 37. Qxe5 Be6 38. Qf6+ 1-0

[Event "Early-Titled-Tuesday-Blitz-February-06-2024"]
[Site "Chess.com"]
[Date "2024.02.06"]
[Round "8"]
[White "chess_blitz00"]
[Black "javirec"]
[Result "1-0"]
[WhiteElo "2490"]
[BlackElo "2298"]
[TimeControl "180+1"]
[EndTime "9:27:50 PST"]
[Termination "chess_blitz00 won on time"]

1. Nf3 Nf6 2. e3 g6 3. b3 Bg7 4. Bb2 d6 5. Be2 e5 6. O-O O-O 7. d4 e4 8. Nfd2 d5 9. c4 c6 10. Nc3 h5 11. Rc1 a6 12. cxd5 cxd5 13. Ba3 Re8 14.
Na4 Nc6 15. Bc5 b5 16. Nb6 Rb8 17. Nxc8 Rxc8 18. a4 Rb8 19. axb5 axb5 20. Ra1 Bf8 21. b4 Nxb4 22. Bxf8 Rxf8 23. Qb3 Qd6 24. Rfb1 Nd3 25. Bxd3 exd3 26. Qxd3 b4 27. Nf3 Rfc8 28. Ne5 Ne4 29. f3 Rc3 30. Qe2 Nf6 31. Ra7 b3 32. Rxf7 Qb4 33.
Rxf6 b2 34. Rxg6+ Kh7 35. f4 Rc1+ 36. Kf2 Rc2 37. Qxc2 Qb3 38. Rh6+ Kg8 39. Qg6+ 1-0

[Event "Early-Titled-Tuesday-Blitz-February-06-2024"]
[Site "Chess.com"]
[Date "2024.02.06"]
[Round "8"]
[White "Iana_Shirova"]
[Black "ArturoCaceres"]
[Result "1-0"]
[WhiteElo "2304"]
[BlackElo "2471"]
[TimeControl "180+1"]
[EndTime "9:27:53 PST"]
[Termination "Iana_Shirova won by checkmate"]

1. e4 a6 2. d4 b5 3. a4 Bb7 4. Bd3 Nf6 5. Nd2 b4 6. Ngf3 e6 7. O-O c5 8. c4 bxc3 9. bxc3 d5 10. exd5 Nxd5 11. Bb2 cxd4 12. cxd4 Be7 13. Nc4 O-O 14. Nce5 Nd7 15. Nxd7 Qxd7 16. Ne5 Qd8 17. Qh5 g6 18.
Qd1 Nf4 19. Ba3 Bxg2 20. Re1 Bd5 21. Be4 Bxa3 22. Rxa3 Qe7 23. Rg3 Bxe4 24. Rxe4 Nh5 25. Qxh5 Rab8 26. Rh4 Rb1+ 27. Kg2 Qxh4 28. Qxh4 Rb4 29.
Qf6 Rxa4 30. Ng4 h5 31. Nh6+ Kh7 32. Nxf7 Ra5 33. Qxg6# 1-0

[Event "Early-Titled-Tuesday-Blitz-February-06-2024"]
[Site "Chess.com"]
[Date "2024.02.06"]
[Round "8"]
[White "abhidabhi"]
[Black "Alen_Yeremyann"]
[Result "1-0"]
[WhiteElo "2911"]
[BlackElo "2727"]
[TimeControl "180+1"]
[EndTime "9:27:55 PST"]
[Termination "abhidabhi won by resignation"]

1. Nf3 Nf6 2. g3 g6 3. b3 Bg7 4. Bb2 O-O 5. Bg2 d5 6. c4 c5 7.
cxd5 Qxd5 8. Nc3 Qf5 9. O-O Nc6 10. Rc1 Qh5 11. Na4 b6 12. d4 Rd8 13. Qe1 Bh3 14. dxc5 b5 15. Nc3 Ng4 16. Nh4 Bxg2 17. Kxg2 Nxh2 18. Kxh2 g5 19. Kg2 gxh4 20. Rh1 Bf6 21. Rb1 Qf5 22. f3 Qc2 23. Ba1 Qg6 24.
Ne4 Bxa1 25. Rxa1 f5 26. Nc3 hxg3 27. Qxg3 a6 28. Rh6 Qxg3+ 29. Kxg3 Nd4 30. Rah1 b4 31. Na4 Nxe2+ 32. Kf2 Nf4 33. Rxh7 e5 34. Nb6 Rd2+ 35. Ke1 Rad8 36. Rh8+ Kg7 37. Rxd8 Rxd8 38. c6 Ne6 39. Kf2 Rd2+ 40. Ke3 Rc2 41. Nc4 Kf6 42. Rh6+ Ke7 43.
Nxe5 Re2+ 44. Kxe2 1-0

[Event "Early-Titled-Tuesday-Blitz-February-06-2024"]
[Site "Chess.com"]
[Date "2024.02.06"]
[Round "8"]
[White "GelmanAlexander"]
[Black "Statham_01"]
[Result "0-1"]
[WhiteElo "2773"]
[BlackElo "2581"]
[TimeControl "180+1"]
[EndTime "9:27:55 PST"]
[Termination "Statham_01 won by checkmate"]

1. c4 e5 2. e3 Nf6 3. a3 c6 4. b4 d5 5. Bb2 Bd6 6. Nf3 Bg4 7. h3 Bxf3 8. Qxf3 O-O 9. Nc3 e4 10.
Qf5 Re8 11. d4 g6 12. Qg5 Kg7 13. f4 exf3 14. O-O-O h6 15. Qh4 Rxe3 16. gxf3 a5 17. b5 dxc4 18. Qf2 Qe7 19. a4 Ba3 20. Kb1 Nd5 21.
Nxd5 cxd5 22. Bxc4 Bxb2 23. Qxb2 dxc4 24. d5+ Qf6 25. Qd2 Rb3+ 26. Ka2 Qd6 27. Qd4+ Kg8 28.
Qxc4 Qa3# 0-1

[Event "Early-Titled-Tuesday-Blitz-February-06-2024"]
[Site "Chess.com"]
[Date "2024.02.06"]
[Round "8"]
[White "Polish_fighter3000"]
[Black "Harsha_Bharathakoti"]
[Result "1-0"]
[WhiteElo "3068"]
[BlackElo "2934"]
[TimeControl "180+1"]
[EndTime "9:27:56 PST"]
[Termination "Polish_fighter3000 won on time"]

1. d4 Nf6 2. Bg5 e6 3. e4 h6 4. Bxf6 Qxf6 5. Nc3 d6 6. Qd2 g6 7.
O-O-O Bg7 8. f4 Qe7 9. Nf3 a6 10. Kb1 b5 11. a3 Nd7 12. g4 Bb7 13. Rg1 Nb6 14. Qe3 O-O-O 15. h4 Kb8 16. Be2 c5 17. h5 Rc8 18. hxg6 fxg6 19. g5 b4 20. dxc5 bxc3 21. cxb6 cxb2 22. e5 d5 23. gxh6 Rxh6 24. Nd4 Bf8 25. Rd3 Re8 26. Rc3 Qd7 27. Rc7 Qa4 28. Qc3 Rh2 29. Rxb7+ 1-0

[Event "Early-Titled-Tuesday-Blitz-February-06-2024"]
[Site "Chess.com"]
[Date "2024.02.06"]
[Round "8"]
[White "Szparu"]
[Black "tetrix83"]
[Result "1-0"]
[WhiteElo "2833"]
[BlackElo "2589"]
[TimeControl "180+1"]
[EndTime "9:27:56 PST"]
[Termination "Szparu won on time"]

1. e4 c5 2. Nf3 e6 3. d4 cxd4 4. Nxd4 a6 5. c4 Qc7 6. Nc3 Nf6 7. a3 b6 8. Be3 Bb7 9. f3 d6 10. Qd2 Nbd7 11. Be2 Be7 12. O-O O-O 13. b4 Rfc8 14.
Rfc1 Qd8 15. Kh1 Rc7 16. Na4 Rb8 17. Nb3 Bc6 18. Nc3 Ba8 19. Rc2 Ne5 20. Na4 Nfd7 21. Rac1 Rcc8 22. Bf1 Bc6 23. Nb2 Ba8 24. a4 Nf6 25. a5 bxa5 26. Nxa5 d5 27. cxd5 Rxc2 28. Qxc2 exd5 29. Bf4 Nfd7 30. exd5 Bxd5 31. Rd1 Rc8 32. Qd2 Be6 33. Bxa6 Rb8 34. Nd3 Bxb4 35. Nxb4 Qxa5 36. Bxe5 Nxe5 37. Qd6 Qxb4 38. Qxb4 1-0

[Event "Early-Titled-Tuesday-Blitz-February-06-2024"]
[Site "Chess.com"]
[Date "2024.02.06"]
[Round "8"]
[White "kleopl"]
[Black "Vaibhavraut99"]
[Result "1-0"]
[WhiteElo "2542"]
[BlackElo "2702"]
[TimeControl "180+1"]
[EndTime "9:27:57 PST"]
[Termination "kleopl won by resignation"]

1. e4 c5 2. Nf3 Nc6 3. Bb5 e6 4. O-O Nge7 5. Re1 g6 6. d4 cxd4 7. Nxd4 Bg7 8. Be3 O-O 9. Nc3 d5 10. exd5 exd5 11. h3 a6 12. Ba4 Nxd4 13. Bxd4 Be6 14.
Bb3 Bxd4 15. Qxd4 Nf5 16. Qe5 Rc8 17. Rad1 Re8 18. Nxd5 Bxd5 19. Qxe8+ Qxe8 20. Rxe8+ Rxe8 21. Bxd5 Rc8 22. c3 b5 23. Bb7 Rb8 24. Bxa6 b4 25. cxb4 Rxb4 26. b3 h5 27. Bc4 Rb8 28. Rd7 Nh6 29.
a4 Kf8 30. a5 Ke8 31. Ra7 Rd8 32.
a6 h4 33. Bb5+ Kf8 34. Rd7 Rc8 35. a7 Nf5 36. Bc6 Ke8 37. Rc7+ 1-0

[Event "Early-Titled-Tuesday-Blitz-February-06-2024"]
[Site "Chess.com"]
[Date "2024.02.06"]
[Round "8"]
[White "vladgoncharov"]
[Black "DonMicheleCorleone"]
[Result "0-1"]
[WhiteElo "2623"]
[BlackElo "2458"]
[TimeControl "180+1"]
[EndTime "9:27:57 PST"]
[Termination "DonMicheleCorleone won by checkmate"]

1. d4 d5 2. c4 e6 3. Nc3 Nf6 4.
cxd5 exd5 5. Bg5 c6 6. e3 Be7 7. Bd3 Nbd7 8. Nge2 O-O 9. O-O Re8 10. Qb1 Nf8 11. b4 a6 12. a3 Nh5 13. Bxe7 Qxe7 14.
a4 Be6 15. b5 axb5 16. axb5 Rxa1 17. Qxa1 c5 18. dxc5 Qxc5 19. Rc1 Rc8 20. Nd4 Qb4 21. Nce2 Qd2 22. Rxc8 Bxc8 23. Qb1 Bg4 24. h3 Bxe2 25.
Bxe2 Nf6 26. Bf3 Ne6 27. Nf5 g6 28. Nd6 b6 29. Qa1 d4 30. Qa8+ Kg7 31. Qb7 Ng5 32.
h4 Qe1+ 33. Kh2 Nxf3+ 34. Qxf3 d3 35. e4 d2 36. Nf5+ gxf5 37. Qxf5 d1=Q 38. Qg5+ Kf8 39. Qxf6 Qxe4 40. f3 Qe6 41. Qh8+ Ke7 42. Qxh7 Qdd6+ 43. g3 Qd2+ 44. Kg1 Qee1# 0-1

[Event "Early-Titled-Tuesday-Blitz-February-06-2024"]
[Site "Chess.com"]
[Date "2024.02.06"]
[Round "8"]
[White "Mourinho_Jose"]
[Black "aranibos"]
[Result "0-1"]
[WhiteElo "2463"]
[BlackElo "2298"]
[TimeControl "180+1"]
[EndTime "9:27:57 PST"]
[Termination "aranibos won on time"]

1. e4 c6 2. d4 d5 3. exd5 cxd5 4.
c4 e6 5. Nc3 Nf6 6. Nf3 Nc6 7.
a3 Be7 8. Qc2 dxc4 9. Bxc4 Nxd4 10. Nxd4 Qxd4 11. Bb5+ Bd7 12. Be3 Qe5 13. Bxd7+ Nxd7 14. Rd1 Nb6 15. O-O O-O 16. Rfe1 Qc7 17. Qe4 Rac8 18.
Qg4 Bf6 19. Nb5 Qc4 20. Qh5 Rcd8 21. Nd6 Qc6 22. Bf4 Nd5 23. Ne4 Nxf4 24. Nxf6+ gxf6 25. Qg4+ Ng6 26. h4 f5 27. Qg5 f6 28. Qh6 Rxd1 29.
Rxd1 Qc7 30. h5 Qf4 31. Qxf4 Nxf4 32. Rd7 Rf7 0-1

[Event "Early-Titled-Tuesday-Blitz-February-06-2024"]
[Site "Chess.com"]
[Date "2024.02.06"]
[Round "8"]
[White "LuisFSiles"]
[Black "Matols"]
[Result "1-0"]
[WhiteElo "2259"]
[BlackElo "2380"]
[TimeControl "180+1"]
[EndTime "9:27:57 PST"]
[Termination "LuisFSiles won on time"]

1. e4 c6 2. d4 d5 3. exd5 cxd5 4. c4 Nf6 5. Nc3 Nc6 6. Bg5 Be6 7. Nge2 h6 8. Be3 dxc4 9. Nf4 Bd5 10. Nfxd5 Nxd5 11. Bxc4 e6 12. O-O Be7 13. Qg4 Nxe3 14. fxe3 O-O 15. Rf3 Rc8 16. Bb3 Qa5 17. d5 Ne5 18.
Qe4 Nxf3+ 19. gxf3 Bf6 20. dxe6 Bxc3 21. exf7+ Kh8 22.
bxc3 Qxc3 23. Rd1 Qc6 24. Qxc6 Rxc6 25. Rd7 g5 26. Rxb7 Ra6 27. Re7 Kg7 28. Kf2 h5 29.
Re5 Kf6 30. f4 gxf4 31. exf4 Rd6 32. Rxh5 Rd2+ 33. Ke3 Rg2 34. Re5 Kg7 35. Rg5+ Rxg5 36. fxg5 Rd8 37. h4 1-0

[Event "Early-Titled-Tuesday-Blitz-February-06-2024"]
[Site "Chess.com"]
[Date "2024.02.06"]
[Round "8"]
[White "Janosik"]
[Black "ukchessbomber"]
[Result "1-0"]
[WhiteElo "2860"]
[BlackElo "2654"]
[TimeControl "180+1"]
[EndTime "9:27:58 PST"]
[Termination "Janosik won by resignation"]

1. d4 b6 2. c4 Bb7 3. d5 g6 4.
Nc3 Bg7 5. e4 d6 6. Bd3 Nd7 7.
Nge2 e5 8. O-O Ne7 9. f4 O-O 10.
f5 c6 11. Bg5 Nf6 12. Qd2 gxf5 13. exf5 cxd5 14. cxd5 Nexd5 15. Ne4 Qd7 16. N2g3 Kh8 17. Bc4 Nxe4 18. Nxe4 Nf4 19. Rxf4 exf4 20. f6 Bxe4 21. Qd4 Rg8 22. fxg7+ Rxg7 23. Bf6 d5 24. Bxg7+ Kg8 25. Bh6 Qg4 26. Bf1 Rc8 27. Re1 Qh4 28. Rxe4 dxe4 29. Qd6 e3 30. Qxf4 Qxf4 31. Bxf4 Re8 32.
Be2 f5 33. Kf1 a5 34. Bd3 Kf7 35. Bxf5 Kf6 36. Bd3 a4 37. Ke2 h5 38. Bxe3 Re6 39. Kd2 Ke5 40. a3 Rd6 41. g3 Kd5 42. Kc3 Ke5 43.
Bf4+ 1-0

[Event "Early-Titled-Tuesday-Blitz-February-06-2024"]
[Site "Chess.com"]
[Date "2024.02.06"]
[Round "8"]
[White "NikitaShnadrygin"]
[Black "esrosenberg"]
[Result "1-0"]
[WhiteElo "2670"]
[BlackElo "2431"]
[TimeControl "180+1"]
[EndTime "9:27:58 PST"]
[Termination "NikitaShnadrygin won by resignation"]

1. e4 e6 2. d4 d5 3. Nd2 c5 4. exd5 Qxd5 5. Ngf3 cxd4 6. Bc4 Qd6 7. O-O Nf6 8. Nb3 Nc6 9. Nbxd4 Nxd4 10. Nxd4 a6 11. c3 Be7 12. Qf3 O-O 13. Re1 Qc5 14. Bb3 a5 15.
Be3 Qc7 16. Nb5 Qc6 17. Qe2 a4 18. Bc2 e5 19. c4 Bg4 20. f3 Be6 21. b3 axb3 22. axb3 Rxa1 23. Rxa1 g6 24. Bf2 Nd7 25. Be4 Qc8 26. Kh1 f5 27. Bd5 Bxd5 28. cxd5 b6 29. d6 Bf6 30. Nc7 Nc5 31. Qc4+ 1-0

[Event "Early-Titled-Tuesday-Blitz-February-06-2024"]
[Site "Chess.com"]
[Date "2024.02.06"]
[Round "8"]
[White "ChessBliss09"]
[Black "Dacean99"]
[Result "0-1"]
[WhiteElo "2134"]
[BlackElo "2642"]
[TimeControl "180+1"]
[EndTime "9:27:58 PST"]
[Termination "Dacean99 won by checkmate"]

1. e4 c5 2. Nf3 d6 3. d4 cxd4 4. Nxd4 Nf6 5. Nc3 a6 6. f3 b5 7.
Be3 Bb7 8. Qd2 Nbd7 9. g4 b4 10. Nce2 Ne5 11. Ng3 Qa5 12. g5 Nfd7 13. f4 Ng4 14.
Nb3 Qc7 15. O-O-O a5 16. Be2 Nxe3 17. Qxe3 g6 18. f5 Bg7 19. Kb1 a4 20. Nd4 O-O 21.
Nb5 Qc5 22. Qxc5 Nxc5 23. f6 exf6 24. gxf6 Bxf6 25. Nxd6 Bc6 26. Rhf1 Be5 27. Nc4 Bxg3 28. hxg3 Bxe4 29. Nd6 b3 30. Nxe4 Nxe4 31. axb3 Nxg3 32. Rf2 axb3 33. cxb3 Rad8 34. Rxd8 Rxd8 35. Bc4 Nf5 36. b4 Rd4 37. b3 h5 38. b5 Rd6 39. Rg2 h4 40. Kc2 Ne3+ 41. Kc3 Nxg2 42. Kb4 h3 43. Kc5 Rd8 44. b6 h2 45. b7 h1=Q 46. Kb6 Qg1+ 47.
Kc7 Qd4 48. b8=Q Qd6+ 49. Kb7 Rxb8+ 50. Ka7 Qb6# 0-1

[Event "Early-Titled-Tuesday-Blitz-February-06-2024"]
[Site "Chess.com"]
[Date "2024.02.06"]
[Round "8"]
[White "topce"]
[Black "Predator0608"]
[Result "0-1"]
[WhiteElo "2386"]
[BlackElo "2538"]
[TimeControl "180+1"]
[EndTime "9:28:00 PST"]
[Termination "Predator0608 won by checkmate"]

1. c4 b6 2. Nc3 Bb7 3. d4 Nf6 4. f3 d5 5. cxd5 Nxd5 6. e4 Nxc3 7. bxc3 e6 8. Bb5+ c6 9. Bd3 Be7 10. Ne2 O-O 11. O-O c5 12. Be3 cxd4 13. cxd4 Nc6 14. a3 Rc8 15. Qa4 a6 16. Rac1 b5 17. Qb3 Qa5 18. Ra1 Rfd8 19. Rfb1 Qb6 20. Kf2 Nxd4 21. Qb2 Bf6 22. Rc1 Nxe2 23. Qxf6 gxf6 24. Bxb6 Nxc1 25. Bxd8 Nxd3+ 26. Ke3 Rxd8 27. Rd1 Kf8 28. Rxd3 Rxd3+ 29. Kxd3 Ke7 30. Kc3 Kd6 31. Kb4 f5 32. exf5 exf5 33.
Ka5 Kc5 34. h3 f4 35. h4 h5 36. a4 b4 37. g4 b3 38. g5 b2 39. g6 b1=Q 40.
gxf7 Qb4# 0-1

[Event "Early-Titled-Tuesday-Blitz-February-06-2024"]
[Site "Chess.com"]
[Date "2024.02.06"]
[Round "8"]
[White "Happy1712Drummer"]
[Black "atomicmate123"]
[Result "1-0"]
[WhiteElo "2394"]
[BlackElo "2204"]
[TimeControl "180+1"]
[EndTime "9:28:00 PST"]
[Termination "Happy1712Drummer won on time"]

1. e4 c5 2. Nf3 d6 3. Bb5+ Bd7 4. Bxd7+ Qxd7 5. O-O Nc6 6. d3 g6 7. c3 Bg7 8. d4 cxd4 9. cxd4 Rc8 10. Nc3 a6 11. Bf4 Nf6 12. d5 Na7 13. a4 O-O 14. Qe2 Nh5 15. Be3 b5 16. Bxa7 Qxa7 17. axb5 a5 18. Rfc1 Rc5 19. Qe3 Rfc8 20. Nd4 Rc4 21. Nc6 Qxe3 22.
fxe3 Bf6 23. b6 Bg5 24. b7 Bxe3+ 25. Kf1 Rf8 26. Re1 Bd2 27. Red1 Bxc3 28. bxc3 Rxc3 29. b8=Q Rxb8 30. Nxb8 1-0

[Event "Early-Titled-Tuesday-Blitz-February-06-2024"]
[Site "Chess.com"]
[Date "2024.02.06"]
[Round "8"]
[White "FGHSMN"]
[Black "DenLaz"]
[Result "1-0"]
[WhiteElo "2957"]
[BlackElo "3053"]
[TimeControl "180+1"]
[EndTime "9:28:02 PST"]
[Termination "FGHSMN won on time"]

1. d4 Nf6 2. Bf4 d5 3. e3 c5 4.
Nd2 Nc6 5. c3 Bg4 6. Ngf3 e6 7.
Be2 Bd6 8. Bxd6 Qxd6 9. O-O O-O 10. Rc1 Rfd8 11. Re1 h6 12. a3 Rac8 13. Qa4 a6 14. h3 Bxf3 15. Nxf3 c4 16. Qc2 b5 17.
Nd2 a5 18. e4 Nxe4 19. Nxe4 dxe4 20. a4 bxa4 21. Qxa4 e5 22. Bxc4 exd4 23. Rxe4 dxc3 24. Rxc3 Ne5 25. Qxa5 Nxc4 26. Rexc4 Qd1+ 27. Kh2 Qd6+ 28. g3 Rxc4 29. Rxc4 Qd2 30. Qb6 Rd6 31. Qb8+ Rd8 32.
Qb6 Rd6 33. Rc8+ Kh7 34. Qc5 Qxb2 35. Qf5+ Rg6 36. Qxf7 1-0

[Event "Early-Titled-Tuesday-Blitz-February-06-2024"]
[Site "Chess.com"]
[Date "2024.02.06"]
[Round "8"]
[White "ScofieldMichael01"]
[Black "xamax2000"]
[Result "0-1"]
[WhiteElo "2634"]
[BlackElo "2860"]
[TimeControl "180+1"]
[EndTime "9:28:02 PST"]
[Termination "xamax2000 won on time"]

1. e4 e5 2. Nc3 Nc6 3. g3 Nf6 4. Bg2 Bc5 5. Nge2 a5 6. O-O d6 7.
d3 a4 8. h3 a3 9. b3 Be6 10. Nd5 h6 11. Rb1 Bxd5 12. exd5 Nb4 13. Ra1 O-O 14. c4 Re8 15. Be3 Nd7 16. Qd2 Qf6 17.
Bxc5 dxc5 18. Nc3 Qg6 19. Nb5 Qb6 20. Be4 Nf6 21. Rfe1 c6 22. Nc3 Rad8 23. Na4 Qa7 24. dxc6 bxc6 25. Qc1 Nxe4 26. Rxe4 Rxd3 27. Qxa3 Rd4 28.
Re2 e4 29. Qb2 Nd3 30. Qc3 Qd7 31. Nb2 Ne5 32. Kg2 f5 33. Ree1 f4 34. Rad1 Nf3 0-1